 Dungeon Crawl Stone Soup version 0.22.1-1-ga44c0e5 (webtiles) character file.

11435 Fang the Cleaver (level 11, -9/72 HPs)
             Began as a Gargoyle Berserker on Oct 2, 2018.
             Was a High Priest of Trog.
             Killed from afar by a fire giant (27 damage)
             ... with a fireball
             ... on level 11 of the Dungeon.
             The game lasted 00:16:23 (10435 turns).

Fang the Cleaver (Gargoyle Berserker)              Turns: 10435, Time: 00:16:24

Health: -9/72      AC: 15    Str: 23    XL:     11   Next: 77%
Magic:  0/11       EV: 15    Int:  9    God:    Trog [*****.]
Gold:   851        SH:  0    Dex:  9    Spells: 10/10 levels left

rFire    . . .     SeeInvis .   F - +2 hand axe (flame)
rCold    + . .     Gourm    .   (no shield)
rNeg     + . .     Faith    .   d - +0 troll leather armour {Purgy}
rPois    ∞         Spirit   +   (no helmet)
rElec    +         Reflect  .   m - +1 cloak {+Inv}
rCorr    .         Harm     .   (no gloves)
MR       .....                  (no boots)
Stlth    +++.......             t - amulet of guardian spirit
HPRegen  0.62/turn              z - ring of protection from cold
MPRegen  0.12/turn              y - ring of flight

@: berserk cooldown, slowed, very slow
A: negative energy resistance 1, electricity resistance, unbreathing,
petrification resistance, rot immunity, AC +8
a: Berserk, Trog's Hand, Brothers in Arms, Renounce Religion, Evoke
Invisibility, Evoke Flight


You were on level 11 of the Dungeon.
You worshipped Trog.
Trog was extremely pleased with you.
You were hungry.

You visited 2 branches of the dungeon, and saw 12 of its levels.
You also visited: Sewer.

You collected 851 gold pieces.

Inventory:

Hand Weapons
 a - a +0 hand axe
 q - a +3 hand axe of venom
 F - a +2 hand axe of flaming (weapon)
 H - a +1 battleaxe of freezing
Armour
 d - a +0 troll leather armour (worn) {Purgy}
 m - a +1 cloak of invisibility (worn)
Jewellery
 s - an uncursed ring of fire
 t - an amulet of guardian spirit (around neck)
 y - a ring of flight (right hand)
 z - a ring of protection from cold (left hand)
Wands
 b - a wand of enslavement (10)
 j - a wand of paralysis (16)
 l - a wand of polymorph (8)
 r - a wand of random effects (12)
 u - a wand of flame (21)
 C - a wand of clouds (5)
 G - a wand of scattershot (4)
 I - a wand of acid (8)
Scrolls
 i - 8 scrolls of teleportation
 k - 4 scrolls of remove curse
 p - 2 scrolls of identify
 A - a scroll of blinking
 D - 2 scrolls of magic mapping
 E - 2 scrolls of fog
Potions
 e - 2 potions of might
 f - 2 potions of cancellation
 g - 2 potions of ambrosia
 h - 2 potions of heal wounds
 n - 3 potions of berserk rage
 o - a potion of haste
 v - a potion of flight
 w - a potion of brilliance
 x - 5 potions of curing
 B - a potion of agility
Comestibles
 c - 19 rations
 J - 6 chunks of flesh


   Skills:
 + Level 10.1 Fighting
 + Level 11.4 Axes
 + Level 5.1 Armour
 + Level 7.3 Dodging
 + Level 5.5 Stealth
 + Level 0.7 Unarmed Combat


You had 10 spell levels left.
You didn't know any spells.
Your spell library was empty.

Dungeon Overview and Level Annotations

Branches:
Dungeon (11/15)            Temple (1/1) D:7            Lair (0/6) D:9
    Orc: D:9-12

Altars:
Ashenzari
Cheibriados
Elyvilon
Fedhas
Gozag
Hepliaklqana
Kikubaaqudgha
Okawaru
Qazlal
Sif Muna
Trog
The Shining One

Annotations:
D:9 3 runed doors, Epollo79's ghost, novice GrFi


Innate Abilities, Weirdness & Mutations

You are resistant to torment.
Your stone body is resilient. (AC +8)
You are immune to poison.
You resist negative energy. (rN+)
You are resistant to electric shocks. (rElec)
You can survive without breathing.
You are immune to petrification.
You are immune to rotting.


Message History

You hit the fire giant.
The fire giant is lightly wounded.
The fire giant hits you with a great sword of flaming!!
* * * LOW HITPOINT WARNING * * *
The fire giant burns you!
* * * LOW HITPOINT WARNING * * *
Unknown command.
You hit the fire giant.
The fire giant is lightly wounded.
Unknown command.
There is a large open door here.
You feel a strong urge to attack something.
You feel your anger nearly subside.
You are no longer berserk.
You are exhausted.
You feel yourself slow down.
Things that are here:
a short sword; 2 stones The fire giant points at you and mumbles some strange words.
The fireball explodes!
The fireball engulfs you!
You die...

#.#########.................
#..................#####....
#.###........#####.# #.###
#.# #..#####.## #.# #.#
#.###≈≈####≈≈≈####≈#####.#
#≈≈≈≈≈##..##≈##..##......#
#≈#####....#8#....#.###..#
###$?##...)###...(#.# #..###
#).)''..C)@('....'.# #.....
###?!##...)###....### #.....
#≈#####....#8#....# #.....
#≈≈≈≈≈##..##≈##..### #.....
#.###≈≈####≈≈≈####≈# #.....
#.# ##.# ##.####..# #.....
#.####.#####.....?.####.....
#..................)........
#..................)).......


You could see a fire giant.

Vanquished Creatures
  A hydra (D:9)
  A two-headed ogre (D:10)
  An unseen horror (D:11)
  An ugly thing (D:11)
  A cyclops (D:11)
  Psyche (D:9)
  Grinder (D:3)
  2 hornets
  2 hippogriffs
  2 dream sheep (D:9)
  Sigmund (D:3)
  A meliai zombie (D:11)
  5 yaks (D:9)
  A vampire (D:9)
  2 soldier ants
  2 porcupines (D:9)
  A necrophage (D:11)
  An eye of draining (D:4)
  3 phantoms
  Purgy (Sewer)
  6 black bears (D:9)
  3 ice beasts
  3 orc warriors
  4 sky beasts
  4 ogres
  5 centaurs
  3 crocodiles
  4 big kobolds
  6 bullfrogs
  A wyvern zombie (D:11)
  A scorpion (D:4)
  3 wights (D:11)
  A bullfrog zombie (D:7)
  3 crimson imps
  7 hounds
  A quasit (D:7)
  6 jellies
  8 orc wizards
  A bullfrog skeleton (D:10)
  10 orc priests
  Crazy Yiuf (D:2)
  2 iguanas
  Natasha (D:3)
  9 worker ants
  A hound zombie (D:8)
  A hound skeleton (D:10)
  4 gnolls (D:8)
  13 adders
  4 shadow imps
  An ooze (D:1)
  3 dart slugs
  4 worms
  4 leopard geckos
  38 orcs
  12 bats
  A giant cockroach (D:5)
  3 goblins
  4 hobgoblins
  10 jackals
  2 quokkas
  3 ball pythons
  A ball python skeleton (D:4)
  6 frilled lizards
  A jackal skeleton (D:8)
  A jackal zombie (D:6)
  16 kobolds
  A leopard gecko zombie (D:6)
  8 rats
  A fungus (D:9)
  A plant (D:9)
268 creatures vanquished.

Vanquished Creatures (collateral kills)
  A scorpion (D:11)
1 creature vanquished.

Vanquished Creatures (others)
  5 fungi (D:9)
5 creatures vanquished.

Grand Total: 274 creatures vanquished

Notes
Turn   | Place    | Note
-------+----------+-------------------------------------------
     0 | D:1      | Fang the Gargoyle Berserker began the quest for the Orb.
     0 | D:1      | Reached XP level 1. HP: 14/14 MP: 1/1
   341 | D:1      | Reached XP level 2. HP: 14/19 MP: 2/2
   760 | D:1      | Reached skill level 3 in Axes
   785 | D:1      | Reached XP level 3. HP: 21/24 MP: 3/3
   952 | D:1      | Reached ** piety under Trog
  1033 | D:2      | Found a shattered altar of Ashenzari.
  1187 | D:2      | Reached XP level 4. HP: 20/29 MP: 4/4
  1869 | D:2      | Reached skill level 1 in Stealth
  1938 | D:2      | Found a deep blue altar of Sif Muna.
  1991 | D:2      | Found a runed door.
  1995 | D:2      | Noticed Crazy Yiuf
  2000 | D:2      | Killed Crazy Yiuf
  2000 | D:2      | Reached XP level 5. HP: 33/33 MP: 5/5
  2213 | D:3      | Reached skill level 4 in Axes
  2564 | D:3      | Found an ancient bone altar of Kikubaaqudgha.
  2606 | D:3      | Noticed Natasha
  2613 | D:3      | Killed Natasha
  2692 | D:3      | Noticed Grinder
  2706 | D:3      | Killed Grinder
  2706 | D:3      | Reached XP level 6. HP: 40/40 MP: 6/6
  2851 | D:3      | Noticed Sigmund
  2858 | D:3      | Killed Sigmund
  2858 | D:3      | Reached skill level 5 in Fighting
  2858 | D:3      | Reached skill level 5 in Axes
  2858 | D:3      | Reached XP level 7. HP: 44/44 MP: 7/7
  2978 | D:3      | Found a glowing golden altar of the Shining One.
  3560 | D:4      | Reached *** piety under Trog
  3813 | D:4      | Reached XP level 8. HP: 44/50 MP: 8/8
  4078 | D:5      | Entered Level 5 of the Dungeon
  4104 | D:5      | Reached skill level 6 in Axes
  4260 | D:5      | Found a glowing drain.
  4337 | Sewer    | Entered a sewer
  4380 | Sewer    | Noticed Purgy
  4387 | Sewer    | Killed Purgy
  4900 | D:6      | Found a deep blue altar of Sif Muna.
  5208 | D:6      | Reached **** piety under Trog
  5660 | D:7      | Reached skill level 7 in Axes
  5764 | D:7      | Reached XP level 9. HP: 25/56 MP: 9/9
  5850 | D:7      | Found a hazy altar of Hepliaklqana.
  5852 | D:7      | Found a white marble altar of Elyvilon.
  5920 | D:7      | Noticed a hornet
  5932 | D:7      | Killed a hornet
  5932 | D:7      | Reached skill level 5 in Dodging
  6208 | D:7      | Found a staircase to the Ecumenical Temple.
  6223 | Temple   | Entered the Ecumenical Temple
  6778 | D:8      | Reached skill level 8 in Axes
  6801 | D:8      | Found a bloodstained altar of Trog.
  6972 | D:8      | Found an opulent altar of Gozag.
  6974 | D:8      | Found an iron altar of Okawaru.
  7133 | D:8      | Found a snail-covered altar of Cheibriados.
  7731 | D:9      | Reached XP level 10. HP: 64/64 MP: 10/10
  7735 | D:9      | Noticed Psyche
  7744 | D:9      | Killed Psyche
  7750 | D:9      | Reached skill level 9 in Axes
  7869 | D:9      | Found a staircase to the Lair.
  7890 | D:9      | Reached ***** piety under Trog
  8015 | D:9      | Found a runed gate.
  8015 | D:9      | Found a runed gate.
  8015 | D:9      | Found a runed gate.
  8016 | D:9      | Noticed Epollo79's ghost (novice GrFi)
  8021 | D:9      | Noticed an orc knight
  8469 | D:9      | Reached skill level 5 in Stealth
  8564 | D:9      | Reached skill level 10 in Axes
  8572 | D:9      | Reached XP level 11. HP: 71/71 MP: 9/11
  8643 | D:9      | Noticed a three-headed hydra
  8650 | D:9      | Killed a one-headed hydra
  8696 | D:9      | Found a stormy altar of Qazlal.
  8791 | D:10     | Entered Level 10 of the Dungeon
  9261 | D:10     | Found a blossoming altar of Fedhas.
  9275 | D:10     | Noticed a two-headed ogre
  9287 | D:10     | Killed a two-headed ogre
  9592 | D:11     | Received a gift from Trog
  9851 | D:11     | Reached skill level 11 in Axes
 10082 | D:11     | Found a runed door.
 10346 | D:11     | Noticed a cyclops
 10346 | D:11     | Noticed a white ugly thing
 10361 | D:11     | Killed a white ugly thing
 10361 | D:11     | Reached skill level 5 in Armour
 10365 | D:11     | Killed an unseen horror
 10365 | D:11     | Reached skill level 10 in Fighting
 10368 | D:11     | Killed a cyclops
 10418 | D:11     | Noticed a fire giant
 10435 | D:11     | Killed from afar by a fire giant

Skill      XL: |  1  2  3  4  5  6  7  8  9 10 11 |
---------------+----------------------------------+-----
Axes           | 3 4 5 7 8 10 11 | 11.4
Dodging        | 2 3 4 5 6 7 |  7.3
Fighting       | 4 5 6 7 9 10 | 10.1
Stealth        | 1 2 3 4 5 |  5.5
Armour         | 3 4 5 |  5.1
Unarmed Combat | |  0.7

Action                   |  1- 3 |  4- 6 |  7- 9 | 10-12 || total
-------------------------+-------+-------+-------+-------++-------
Melee: Hand axe          |   121 |   101 |   385 |   397 ||  1004
       Unarmed           |       |     3 |       |       ||     3
       Punch             |       |       |     2 |     2 ||     4
Invok: Berserk           |     1 |     5 |     5 |     8 ||    19
  Use: Scroll            |       |       |    20 |     5 ||    25
       Potion            |       |       |     1 |       ||     1
 Stab: Sleeping          |       |       |     5 |     3 ||     8
  Eat: Chunk             |     1 |     6 |    22 |    12 ||    41
       Ration            |       |     1 |       |     1 ||     2
Armor: Animal skin       |    56 |    19 |    46 |       ||   121
       Troll leather arm |       |       |    79 |   140 ||   219
Dodge: Dodged            |   110 |    79 |   245 |   203 ||   637
